 Dungeon Crawl Stone Soup version 0.24.0-125-gc4c63601f3 (webtiles) character file.

Game seed: 5724419151692519593, levelgen mode: deterministic

108 alexstrugazki the Shield-Bearer (level 5, -7/41 HPs)
             Began as a Human Fighter on Feb 25, 2020.
             Mangled by a gnoll
             ... wielding a +0 halberd
              (11 damage)
             ... on level 3 of the Dungeon.
             The game lasted 00:06:26 (2560 turns).

alexstrugazki the Shield-Bearer (Human Fighter)     Turns: 2560, Time: 00:06:27

Health: -7/41      AC:  6    Str: 23      XL:     5   Next: 12%
Magic:  5/5        EV:  8    Int:  6 (8)  God:
Gold:   74         SH:  9    Dex: 10 (12) Spells: 4/4 levels left

rFire    . . .     SeeInvis .   a - +0 long sword
rCold    . . .     Gourm    .   c - +0 shield
rNeg     . . .     Faith    .   b - +0 scale mail
rPois    .         Spirit   .   (no helmet)
rElec    .         Reflect  .   (no cloak)
rCorr    .         Harm     .   (no gloves)
MR       .....                  (no boots)
Stlth    ..........             (no amulet)
HPRegen  0.13/turn              (no ring)
MPRegen  0.09/turn              (no ring)

@: mighty
A: no striking features
a: no special abilities


You were on level 3 of the Dungeon.
You were near starving.

You visited 1 branch of the dungeon, and saw 3 of its levels.

You collected 74 gold pieces.

Inventory:

Hand Weapons
 a - a +0 long sword (weapon)
Armour
 b - a +0 scale mail (worn)
 c - a +0 shield (worn)
Scrolls
 g - a scroll of remove curse {unknown}
 h - a scroll of teleportation {unknown}
 i - a scroll of noise {unknown}
 k - a scroll of magic mapping {unknown}
 l - a scroll of amnesia {unknown}
 m - a scroll of random uselessness {unknown}
Potions
 d - a potion of might
 e - a potion of degeneration
 j - a potion of curing {unknown}
Comestibles
 f - 3 rations


   Skills:
 + Level 3.4 Fighting
 + Level 2.8 Long Blades
 + Level 3.5 Armour
 + Level 1.0 Dodging
 + Level 0.8 Stealth
 + Level 3.8 Shields


You had 4 spell levels left.
You didn't know any spells.
Your spell library was empty.

Dungeon Overview and Level Annotations

Branches:
Dungeon (3/15)

Altars:
Nemelex Xobeh


Message History

You are too injured to fight recklessly!
You are too injured to fight recklessly!
You are too injured to fight recklessly!
You are too injured to fight recklessly!
You are too injured to fight recklessly!
You are too injured to fight recklessly!
You are too injured to fight recklessly!
You miss the jackal.
The jackal is severely wounded.
You block the jackal's attack. The jackal barely misses you.
You riposte.
You hit the jackal.
You kill the jackal!
A gnoll comes into view.
You block the gnoll's attack. You block the jackal's attack.
You closely miss the jackal.
The jackal is severely wounded.
The jackal barely misses you. The jackal bites you.
* * * LOW HITPOINT WARNING * * *
The gnoll hits you from afar with a +0 halberd!
You die...

....'.........'.#
#####...(.....#.#
#.........#.#
#.........#.#
###########.#####
#.....[(..#...
#.......†.#.#
#........((.#
#.......gh@.#
#.......h#h.#
#......g.##)#
#######+## ..#
#.# .# .# .. .


You could see 2 gnolls and 3 jackals.

Vanquished Creatures
  A gnoll (D:3)
  5 adders
  2 oozes (D:1)
  A dart slug (D:2)
  A leopard gecko (D:2)
  8 goblins
  5 hobgoblins
  A jackal (D:3)
  7 bats
  A frilled lizard (D:1)
  8 kobolds
  4 rats (D:1)
44 creatures vanquished.

Notes
Turn   | Place    | Note
-------+----------+-------------------------------------------
     0 | D:1      | alexstrugazki the Human Fighter began the quest for the
                  | Orb.
     0 | D:1      | Reached XP level 1. HP: 18/18 MP: 1/1
    57 | D:1      | Reached XP level 2. HP: 24/24 MP: 2/2
   344 | D:1      | Reached XP level 3. HP: 26/29 MP: 3/3
   842 | D:2      | Reached XP level 4. HP: 20/35 MP: 4/4
  1733 | D:2      | Found a sparkling altar of Nemelex Xobeh.
  2550 | D:3      | Reached skill level 1 in Dodging
  2550 | D:3      | Reached XP level 5. HP: 29/41 MP: 5/5
  2560 | D:3      | Mangled by a gnoll

Levels and vault maps discovered:
D:1:      giann_bridges, layout_basic
D:2:      layout_rooms, marbit_many_paths, serial_co_window_serial,
          co_window_corner_a, co_window_paths_a, co_window_paths_a,
          co_window_cross_1, co_window_corner_a, co_window_unsneaky_path_c,
          co_window_2corner, co_window_paths_c, co_window_broadway_b
D:3:      layout_basic, first_ration, nemelex_altar_shiori

Skill      XL: |  1  2  3  4 |
---------------+-------------+-----
Dodging        | 1 |  1.0
Fighting       | |  3.4
Long Blades    | |  2.8
Armour         | |  3.5
Stealth        | |  0.8
Shields        | |  3.8

Action                   |  1- 3 |  4- 6 || total
-------------------------+-------+-------++-------
Melee: Long sword        |   118 |    93 ||   211
  Use: Potion            |       |     2 ||     2
  Eat: Chunk             |       |     4 ||     4
Armor: Scale mail        |    55 |    41 ||    96
Dodge: Dodged            |    36 |    33 ||    69
Block: Shield            |    76 |    54 ||   130
       Rpst.: Long sword |     9 |    11 ||    20
